 Dungeon Crawl Stone Soup version 0.30.1-11-g7821555f0a (webtiles) character file.

Game seed: 2681892002563631272

24 Boredatwork228 the Covered (level 2, -22/27 HPs)
             Began as a Minotaur Fighter on Jan 2, 2024.
             Killed by an exploding adder (40 damage)
             ... ignited by their inner flame
             ... on level 2 of the Dungeon.
             The game lasted 00:14:25 (677 turns).

Boredatwork228 the Covered (Minotaur Fighter)        Turns: 677, Time: 00:14:25

Health: -22/27     AC:  7    Str: 20    XL:     2   Next: 79%
Magic:  1/1        EV:  9    Int:  5    God:
Gold:   64         SH:  4    Dex:  9    Spells: 1/1 levels left

rFire   . . .        a - +0 war axe
rCold   . . .        c - +0 buckler
rNeg    . . .        b - +0 scale mail
rPois   .            (helmet restricted)
rElec   .            (no cloak)
rCorr   .            (no gloves)
SInv    .            (no boots)
Will    .....        (no amulet) Stlth
                     (no ring)
HPRegen 0.24/turn    (no ring)
MPRegen 0.07/turn

%: no passive effects
@: no status effects
A: horns 2, retaliatory headbutt
a: no special abilities


You were on level 2 of the Dungeon.
You visited 1 branch of the dungeon, and saw 2 of its levels.

You collected 64 gold pieces.

Inventory:

Hand Weapons
 a - a +0 war axe (weapon)
 f - a +0 dagger
 g - a +0 short sword
 m - a +0 short sword of draining
 n - a +0 club
Missiles
 i - 44 stones (quivered)
Armour
 b - a +0 scale mail (worn)
 c - a +0 buckler (worn)
 k - a +0 leather armour
Jewellery
 p - a ring of magical power
Scrolls
 e - 5 scrolls of identify
 l - a scroll of teleportation {unknown}
Potions
 d - a potion of might
 h - 2 potions of haste {unknown}
 o - a potion of flight {unknown}


   Skills:
 + Level 3.9 Fighting
 + Level 2.8 Axes
 + Level 4.1 Armour
 + Level 0.3 Dodging
 + Level 4.0 Shields


You had one spell level left.
You didn't know any spells.
Your spell library was empty.

Dungeon Overview and Level Annotations

Branches:
Dungeon (2/15)

Altars:


Innate Abilities, Weirdness & Mutations

You have a pair of horns on your head.
You reflexively headbutt those who attack you in melee.


Message History

You closely miss the rat.
The rat is heavily wounded.
You barely miss the adder. The adder closely misses you.
You furiously retaliate!
You headbutt the adder, but do no damage.
The rat bites you. The adder barely misses you. You block the rat's attack.
You hit the rat.
You kill the rat!
You hit the adder. The adder closely misses you.
The adder bites you but does no damage.
You closely miss the adder.
The adder is heavily wounded.
The adder bites you but does no damage. The adder closely misses you.
You furiously retaliate!
You headbutt the adder, but do no damage.
You slash the worm!
The worm is heavily wounded.
You barely miss the adder.
The adder bites you but does no damage. x2
The worm bites you.
You closely miss the adder. Your headbutt misses the adder.
The adder is heavily wounded.
You barely miss the worm. The adder bites you but does no damage.
The worm bites you.
Press: ? - help, v - describe, . - travel The floor, spattered with blood.
You don't know any spells.
As you read the scroll labelled PAHACR PAYGOE, it crumbles to dust.
It is a scroll of identify.
j - a scroll of immolation The adder completely misses you.
You furiously retaliate!
You headbutt the adder. You block the adder's attack.
You don't know any spells.
As you read the scroll of immolation, it crumbles to dust.
The creatures around you are filled with an inner flame!
You block the adder's attack. The worm bites you but does no damage.
You slash the adder! You slash the worm!
Flame seeps out of the worm.
The adder explodes!
The fiery explosion engulfs you!!!
Ouch! That really hurt!
You die...

###### ##.... ##..P.
...#.# #...P P..#.# #
#...♣♣♣♣♣..#.##
####.#w§.♣P_P♣P....
......§@..♣♣♣...$#
.....§§§.♣.♣.♣..#
..........P.....#
.###...#.......#######.#
#....####.###.<......#
#..... #.###.########
♣.♣... #..##.# ......
##.##.# .♣. #.##.#


You could see a worm (inner flame).

Vanquished Creatures
  An adder (D:2)
  5 ball pythons (D:1)
  An endoplasm (D:1)
  2 giant cockroaches (D:1)
  A goblin (D:1)
  2 hobgoblins
  4 kobolds (D:1)
  A quokka (D:2)
  4 bats (D:1)
  A frilled lizard (D:1)
  2 rats
24 creatures vanquished.

Notes
Turn   | Place    | Note
-------+----------+-------------------------------------------
     0 | D:1      | Boredatwork228 the Minotaur Fighter began the quest for the
                  | Orb.
     0 | D:1      | Reached XP level 1. HP: 19/19 MP: 0/0
   252 | D:1      | Reached XP level 2. HP: 27/27 MP: 1/1
   659 | D:2      | Found a faded altar of an unknown god.
   677 | D:2      | Killed by an exploding adder... ignited by their inner
                  | flame

Illustrated notes

Levels and vault maps discovered:
D:1:      erik_arrival_blinker_ship, layout_rooms, corexii_leaking_fountain,
          serial_bayou_pond_b
D:2:      layout_loops_ring, dreamdust_ecumenical_altar_grove, serial_forest,
          infiniplex_forest_clump_medium, infiniplex_forest_clump_small,
          infiniplex_forest_side_room, infiniplex_forest_straight_2,
          infiniplex_forest_clump_tiny, infiniplex_forest_straight_3,
          infiniplex_forest_lined_2, wander_ebering_terrifying_dragon_lair

Skill      XL: |  1  2 |
---------------+-------+-----
Shields        | 4 |  4.0
Armour         | 4 |  4.1
Fighting       | |  3.9
Axes           | |  2.8
Dodging        | |  0.3

Action                     || total
---------------------------++-------
  Melee: War axe           ||    66
         Headbutt          ||     3
  Throw: Stone             ||     1
    Use: Scroll            ||     2
 Armour: Scale mail        ||    43
  Dodge: Dodged            ||    34
  Block: Buckler           ||    19
